 Dungeon Crawl Stone Soup version 0.29.1-12-g30fa7ad0bf (webtiles) character file.

Game seed: 2372226232617682924

1941 cheesebisquit the Geomancer (level 9, -11/45 HPs)
             Began as a Gargoyle Earth Elementalist on Jan 15, 2023.
             Mangled by Duvessa
             ... wielding a +0 short sword
              (14 damage)
             ... on level 6 of the Dungeon on Jan 16, 2023.
             The game lasted 00:25:58 (6496 turns).

cheesebisquit the Geomancer (GrEE)                  Turns: 6496, Time: 00:25:59

Health: -11/45     AC: 14    Str: 19    XL:     9   Next: 18%
Magic:  12/19      EV: 11    Int: 19    God:
Gold:   205        SH:  0    Dex: 10    Spells: 8/21 levels left

rFire   . . .      SeeInvis .   o - +0 mace
rCold   . . .      Faith    .   (no shield)
rNeg    + . .      Spirit   .   y - +0 ring mail of the Mauling Gods {Will+}
rPois   ∞          Reflect  .   h - +0 helmet
rElec   +          Harm     .   F - scarf {repulsion}
rCorr   .          Rampage  .   e - +0 pair of gloves
Will    +....                   t - +0 pair of boots
Stlth   +.........              (no amulet)
HPRegen 0.15/turn               u - +6 ring of strength
MPRegen 0.16/turn               (no ring)

@: repel missiles
A: sickness immunity, AC +6, negative energy resistance 1, electricity
resistance, torment resistance 1, petrification resistance
a: no special abilities


You were on level 6 of the Dungeon.
You visited 1 branch of the dungeon, and saw 6 of its levels.
You also visited: Sewer.

You collected 325 gold pieces.
You spent 120 gold pieces at shops.

Inventory:

Hand Weapons
 o - a +0 mace (weapon)
Missiles
 i - 6 poisoned darts
Armour
 a - a +0 robe
 e - a +0 pair of gloves (worn)
 h - a +0 helmet (worn)
 p - a +0 scale mail
 t - a +0 pair of boots (worn)
 y - the +0 ring mail of the Mauling Gods (worn) {Will+}
   (You found it on level 3 of the Dungeon)

   Will:      It increases your willpower.
 F - a scarf of repulsion (worn)
Jewellery
 u - a +6 ring of strength (left hand)
Wands
 f - a wand of flame (36)
 s - a wand of charming (11)
Scrolls
 c - 2 scrolls of enchant weapon {unknown}
 d - a scroll of butterflies {unknown}
 j - a scroll of silence
 l - 4 scrolls of teleportation
 m - a scroll of acquirement {unknown}
 v - 2 scrolls of fear
 w - 2 scrolls of vulnerability
 x - a scroll of summoning {unknown}
 C - 2 scrolls of blinking
 D - a scroll of enchant armour {unknown}
Potions
 b - a potion of curing
 g - a potion of haste
 k - 2 potions of cancellation
 n - 3 potions of degeneration
 q - 2 potions of lignification
 r - a potion of brilliance {unknown}
 z - 2 potions of heal wounds
 A - a potion of might {unknown}
 B - a potion of invisibility {unknown}
 E - a potion of ambrosia {unknown}
 G - 3 potions of mutation {unknown}


   Skills:
 - Level 1.7 Dodging
 - Level 2.4 Stealth
 + Level 6.7 Spellcasting
 + Level 6.1 Conjurations
 - Level 1.0 Transmutations
 + Level 0.7 Fire Magic
 + Level 9.2 Earth Magic


You had 8 spell levels left.
You knew the following spells:

 Your Spells              Type           Power      Damage    Failure   Level
a - Sandblast             Erth           82%        2d17      1%          1
b - Stone Arrow           Conj/Erth      70%        3d11      2%          3
c - Lee's Rapid Deconstr  Erth           20%        3d13*     12%         5
d - Sticky Flame          Conj/Fire      19%        2d4       41%         4

Your spell library contained the following spells:

 Spells                   Type           Power      Damage    Failure   Level
 Passwall                 Tmut/Erth      20%        N/A       3%          2
 Static Discharge         Conj/Air       18%        3-6/arc   8%          2
 Petrify                  Tmut/Erth      25%        N/A       22%         4
 Leda's Liquefaction      Hex/Erth       11%        N/A       26%         4
 Dispel Undead            Necr           6%         3d8       87%         4
 Statue Form              Tmut/Erth      Unusable   N/A       N/A         6

Dungeon Overview and Level Annotations

Branches:
Dungeon (6/15)              Sewer (visited)
 Temple: D:4-7

Altars:
Ashenzari
Nemelex Xobeh
Qazlal
Wu Jian
Yredelemnul

Shops:
D:5 [

Annotations:
D:6 Duvessa


Innate Abilities, Weirdness & Mutations

You are immune to sickness and miasma.
Your stone body is resilient. (AC +6)
You are immune to poison.
You resist negative energy. (rN+)
You are resistant to electric shocks. (rElec)
You are resistant to unholy torment.
You are immune to petrification.


Message History

Duvessa and Dowan come into view.
Duvessa is wielding a +0 short sword and carrying a wand of polymorph (12).
Dowan is wielding a +0 dagger of draining.
Found a stone staircase leading up.
Dowan shouts!
Duvessa shouts!
There is an open door here.
The blast of sand misses Dowan.
The blast of sand hits Dowan.
Dowan is lightly wounded.
Dowan hits you with a +0 dagger of draining.
The blast of sand hits Dowan!
Dowan is almost dead.
Duvessa misses you. Dowan hits you but does no damage.
Duvessa hits you but does no damage. Dowan closely misses you.
The blast of sand hits Dowan!
You kill Dowan!
Duvessa screams in rage.
Duvessa goes berserk!
Duvessa hits you but does no damage. Duvessa barely misses you.
The blast of sand hits Duvessa but does no damage.
Duvessa closely misses you. Duvessa hits you with a +0 short sword!
The blast of sand hits Duvessa!
Duvessa is moderately wounded.
Duvessa hits you with a +0 short sword! Duvessa hits you with a +0 short sword.
You are too injured to fight recklessly!
You are too injured to fight recklessly!
Aiming: Sandblast (safe; 1% risk of failure)
Press: ? - help, Q - select action, (/) - cycle Shift-Dir - straight line, f/p - Duvessa
Aim: Duvessa, wielding a +0 short sword, wearing a +0 leather armour and carrying a wand of polymorph (12) (moderately wounded, berserk, 87% to hit)
The blast of sand hits Duvessa!!
Duvessa is heavily wounded.
Duvessa hits you with a +0 short sword. x2; Duvessa closely misses you.
Aiming: Sandblast (safe; 1% risk of failure)
Press: ? - help, Q - select action, (/) - cycle Shift-Dir - straight line, f/p - Duvessa
Aim: Duvessa, wielding a +0 short sword, wearing a +0 leather armour and carrying a wand of polymorph (12) (heavily wounded, berserk, 87% to hit)
The blast of sand hits Duvessa but does no damage.
Duvessa is heavily wounded.
Duvessa hits you with a +0 short sword!
* * * LOW HITPOINT WARNING * * *
Duvessa hits you with a +0 short sword!
You die...

#.########### #### . .(.........
.... ^. ......... #
#.#.......#### # #.............
#..##..........#
#..#<....e)....#..
#..##.####@###....
#..##.....|)......
#..#######.#####.# # #..# #.# #
# #..# #.# #. # ######..### #.#
#.. # ..........# #.#####.#
....# ######..#.#####.......#
.....
.....................###########


You could see Duvessa (berserk).

Vanquished Creatures
  Pikel (D:5)
  Eustachio (D:4)
  3 ogres
  A centaur (D:5)
  2 bullfrogs
  A necrophage (D:5)
  3 scorpions (D:4)
  Dowan (D:6)
  5 hounds
  A jelly (D:6)
  An orc priest (D:5)
  Terence (D:2)
  Natasha (thrice) (D:3)
  An iguana (D:5)
  Robin (D:3)
  10 adders
  A gnoll (D:2)
  A shadow imp (D:5)
  3 ufetubi
  7 worms
  A dart slug (D:3)
  2 orcs (D:5)
  4 bats
  6 endoplasms
  8 giant cockroaches
  9 hobgoblins
  4 jackals
  10 quokkas
  11 ball pythons
  15 frilled lizards
  13 goblins
  7 kobolds
  5 rats
143 creatures vanquished.

Notes
Turn   | Place    | Note
-------+----------+-------------------------------------------
     0 | D:1      | cheesebisquit the Gargoyle Earth Elementalist began the
                  | quest for the Orb.
     0 | D:1      | Reached XP level 1. HP: 10/10 MP: 3/3
   400 | D:1      | Reached skill level 1 in Transmutations
   400 | D:1      | Reached XP level 2. HP: 15/15 MP: 3/5
   559 | D:1      | Found a faded altar of an unknown god.
   593 | D:1      | Reached skill level 4 in Earth Magic
   951 | D:1      | Reached XP level 3. HP: 19/19 MP: 4/6
  1190 | D:2      | Noticed Terence
  1201 | D:2      | Killed Terence
  1354 | D:2      | Reached XP level 4. HP: 24/24 MP: 5/8
  1769 | D:2      | Reached skill level 5 in Earth Magic
  2085 | D:2      | Reached XP level 5. HP: 28/28 MP: 8/10
  2445 | D:3      | Noticed Natasha
  2446 | D:3      | Killed Natasha
  2469 | D:3      | Noticed Robin
  2491 | D:3      | Killed Robin
  2928 | D:3      | Found a basalt altar of Yredelemnul.
  2957 | D:3      | Noticed Natasha
  2963 | D:3      | Killed Natasha
  3096 | D:3      | Reached XP level 6. HP: 32/32 MP: 10/12
  3241 | D:3      | Identified the +0 ring mail of the Mauling Gods {Will+}
  3257 | D:3      | Learned a level 3 spell: Stone Arrow
  3468 | D:4      | Reached skill level 6 in Earth Magic
  3473 | D:3      | Noticed Natasha
  3475 | D:3      | Killed Natasha
  3565 | D:4      | Reached skill level 1 in Conjurations
  3662 | D:4      | Noticed Eustachio
  3888 | D:4      | Reached XP level 7. HP: 33/36 MP: 8/13
  3973 | D:4      | Found a glowing drain.
  3977 | Sewer    | Entered a sewer
  4764 | D:4      | Found a stormy altar of Qazlal.
  4839 | D:4      | Killed Eustachio
  4840 | D:4      | Reached skill level 5 in Spellcasting
  4840 | D:4      | Reached skill level 7 in Earth Magic
  5031 | D:5      | Entered Level 5 of the Dungeon
  5060 | D:5      | Reached XP level 8. HP: 19/41 MP: 8/16
  5376 | D:5      | Found Saumiwn's Armour Shoppe.
  5384 | D:5      | Bought a scarf of repulsion for 120 gold pieces
  5930 | D:5      | Reached skill level 8 in Earth Magic
  6149 | D:6      | Noticed Pikel
  6157 | D:5      | Killed Pikel
  6158 | D:5      | Reached skill level 5 in Conjurations
  6158 | D:5      | Reached XP level 9. HP: 35/45 MP: 11/18
  6344 | D:6      | Reached skill level 9 in Earth Magic
  6403 | D:6      | Found a sparkling altar of Nemelex Xobeh.
  6403 | D:6      | Found an ornate altar of the Wu Jian Council.
  6403 | D:6      | Found a broken altar of Ashenzari.
  6416 | D:6      | Learned a level 5 spell: Lee's Rapid Deconstruction
  6448 | D:6      | Learned a level 4 spell: Sticky Flame
  6488 | D:6      | Noticed Duvessa
  6488 | D:6      | Noticed Dowan
  6492 | D:6      | Killed Dowan
  6496 | D:6      | Mangled by Duvessa

Illustrated notes

Levels and vault maps discovered:
D:1:      matt_arrival_grand_opening, layout_basic,
          hellmonk_ecumenical_altar_heavens_door, serial_park_tiny_2
D:2:      layout_rooms, skrybe_limestone_x, minmay_joined_circles, uniq_terence
D:3:      layout_loops_ring, lemuel_round_altar, chequers_decorated_corner,
          uniq_robin, uniq_natasha
D:4:      layout_cave_pools, grunt_qazlal_sundering, gup_sewer_entry_bowl,
          uniq_eustachio
D:5:      layout_loops_ring, serial_shops, nicolae_shop_hallway_stairs,
          st_stairs_5
D:6:      layout_basic, nicolae_uskayaw_murder_on_the_dancefloor,
          gammafunk_temple_overflow_claw, serial_bayou_lake_a, uniq_pikel,
          uniq_duvessa

Skill      XL: |  1  2  3  4  5  6  7  8  9 |
---------------+----------------------------+-----
Transmutations | 1 |  1.0
Earth Magic    | 4 5 6 7 8 9 |  9.2
Spellcasting   | 3 4 5 6 |  6.7
Conjurations   | 2 3 5 6 |  6.1
Dodging        | |  1.7
Stealth        | |  2.4
Fire Magic     | |  0.7

Action                   |  1- 3 |  4- 6 |  7- 9 || total
-------------------------+-------+-------+-------++-------
Melee: Rapier            |     3 |       |       ||     3
       Mace              |       |     6 |       ||     6
 Cast: Sandblast         |    37 |   110 |   108 ||   255
  Use: Potion            |     1 |     1 |       ||     2
       Scroll            |       |     7 |     4 ||    11
Armor: Robe              |     2 |    31 |       ||    33
       Ring mail         |       |    37 |    11 ||    48
Dodge: Dodged            |    10 |    77 |    35 ||   122
